 Dungeon Crawl Stone Soup version 0.30.2 (webtiles) character file.

Game seed: 15386101040303066503

25 Derpydoo the Shooter (level 2, -30/25 HPs)
             Began as a Minotaur Hunter on Jan 28, 2024.
             Killed by an exploding quokka (35 damage)
             ... ignited by their inner flame
             ... on level 1 of the Dungeon.
             The game lasted 00:09:25 (406 turns).

Derpydoo the Shooter (Minotaur Hunter)               Turns: 406, Time: 00:09:42

Health: -30/25     AC:  3    Str: 15    XL:     2   Next: 82%
Magic:  1/1        EV: 12    Int:  6    God:
Gold:   78         SH:  0    Dex: 13    Spells: 1/1 levels left

rFire   . . .        n - +0 long sword
rCold   . . .        (no shield)
rNeg    . . .        c - +0 leather armour
rPois   .            (helmet restricted)
rElec   .            (no cloak)
rCorr   .            (no gloves)
SInv    .            (no boots)
Will    .....        (no amulet)
Stlth   +            (no ring)
HPRegen 0.24/turn    (no ring)
MPRegen 0.07/turn

%: no passive effects
@: no status effects
A: horns 2, retaliatory headbutt
a: no special abilities


You were on level 1 of the Dungeon.
You visited 1 branch of the dungeon, and saw 1 of its levels.

You collected 78 gold pieces.

Inventory:

Hand Weapons
 a - a +0 shortbow
 d - a +0 flail
 g - a +0 dagger
 j - a +0 club
 k - a +0 sling
 n - a +0 long sword (weapon)
 o - a +0 dagger
 q - a +0 whip
Missiles
 p - a stone (quivered)
Armour
 c - a +0 leather armour (worn)
 h - a +0 leather armour
Magical Staves
 i - a staff of earth
Scrolls
 b - a scroll of immolation
 e - a scroll of identify {unknown}
 f - 2 scrolls of teleportation {unknown}
 m - a scroll of vulnerability {unknown}
Potions
 l - a potion of ambrosia {unknown}


   Skills:
 + Level 2.6 Fighting
 + Level 0.4 Maces & Flails
 + Level 5.1 Ranged Weapons
 + Level 2.4 Dodging
 + Level 0.7 Stealth


You had one spell level left.
You didn't know any spells.
Your spell library was empty.

Dungeon Overview and Level Annotations

Branches:
Dungeon (1/15)

Altars:


Innate Abilities, Weirdness & Mutations

You have a pair of horns on your head.
You reflexively headbutt those who attack you in melee.


Message History

You furiously retaliate!
You headbutt the bat.
You kill the bat!
The dart slug bites you. The dart slug launches a dart at you.
The slug dart hits you. The goblin attacks as you move away!
The goblin hits you with a +0 club.
The ball python bites you but does no damage.
The ball python grabs you. The ball python constricts you.
The ball python's grasp on you weakens, but your attempt to escape fails.
The goblin completely misses you. The ball python bites you.
The ball python constricts you.
* * * LOW HITPOINT WARNING * * *
You escape the ball python's grasp.
The goblin attacks as you move away! The goblin hits you with a +0 club.
* * * LOW HITPOINT WARNING * * *
The goblin attacks as you move away! The goblin hits you with a +0 club.
* * * LOW HITPOINT WARNING * * *
You hit the goblin.
You kill the goblin!
The ball python bites you but does no damage.
The ball python closely misses you.
You barely miss the ball python. You headbutt the ball python.
You kill the ball python!
The quokka bites you.
* * * LOW HITPOINT WARNING * * *
Read: 2 scrolls of immolation
Press: ? - help, Q - select action, (/) - cycle Dir - look around, f - activate Look: a quokka (susceptible)
As you read the scroll of immolation, it crumbles to dust.
The creatures around you are filled with an inner flame!
The quokka bites you.
* * * LOW HITPOINT WARNING * * *
You closely miss the quokka. The quokka closely misses you.
You furiously retaliate!
You headbutt the quokka, but do no damage.
The quokka barely misses you. You furiously retaliate!
You headbutt the quokka.
The quokka explodes!
The fiery explosion engulfs you!!
Ouch! That really hurt!
You die...

####....########## .######
.#...##.##.......# .......
.#.####.##.#####.###### .....#
...# #.#.....##.##... .....#
..## #.#.###.##.##.# ##.....#
..#####.#.# #.......#####.....#
......#.#.###.##.#............#
..............##§#w##....$....#
.........##.####@§w...##.##...#
.####.##.##. ###....#.#.# ..#
.# #.##.## # #.#..#. .# .# .#
#.##.##.# #.#..#. .# # .#
#.##.##.######.##.## ## .## .#
#.##...........##... #.. .#
#.#...#####.......... ...
.####.........##.######## #.#
......#...###.##.##### #.#


You could see 2 dart slugs.

Vanquished Creatures
  A dart slug (D:1)
  4 bats (D:1)
  3 endoplasms (D:1)
  2 giant cockroaches (D:1)
  2 goblins (D:1)
  2 hobgoblins (D:1)
  A kobold (D:1)
  A quokka (D:1)
  2 ball pythons (D:1)
  A frilled lizard (D:1)
  2 rats (D:1)
21 creatures vanquished.

Notes
Turn   | Place    | Note
-------+----------+-------------------------------------------
     0 | D:1      | Derpydoo the Minotaur Hunter began the quest for the Orb.
     0 | D:1      | Reached XP level 1. HP: 18/18 MP: 0/0
    74 | D:1      | Reached XP level 2. HP: 24/25 MP: 1/1
    84 | D:1      | Found a faded altar of an unknown god.
   211 | D:1      | Reached skill level 5 in Ranged Weapons
   406 | D:1      | Killed by an exploding quokka... ignited by their inner
                  | flame

Illustrated notes

Levels and vault maps discovered:
D:1:      dpeg_arrival_shelter, layout_loops_ring,
          shapermc_ecumenical_altar_acropolis, minmay_distorted

Skill      XL: |  1  2 |
---------------+-------+-----
Ranged Weapons | 5 |  5.1
Fighting       | |  2.6
Maces & Flails | |  0.4
Dodging        | |  2.4
Stealth        | |  0.7

Action                     || total
---------------------------++-------
  Melee: Flail             ||    34
         Headbutt          ||     9
         Long sword        ||    13
         Punch             ||     1
   Fire: Shortbow          ||     2
    Use: Scroll            ||     1
 Armour: Leather armour    ||    17
  Dodge: Dodged            ||    36
